 Dungeon Crawl Stone Soup version 0.28.0-45-g0d030f2227 (webtiles) character file.

Game seed: 15484237974544021779

9 MisterFreud the Ruffian (level 2, -1/23 HPs)
             Began as a Draconian Transmuter on May 6, 2022.
             Slain by a gnoll
             ... wielding a +0 flail
              (8 damage)
             ... on level 1 of the Dungeon.
             The game lasted 00:00:47 (353 turns).

MisterFreud the Ruffian (Draconian Transmuter)       Turns: 353, Time: 00:00:48

Health: -1/23      AC:  4    Str: 12    XL:     2   Next: 3%
Magic:  5/5        EV: 12    Int: 13    God:
Gold:   16         SH:  0    Dex: 11    Spells: 4/5 levels left

rFire   . . .      SeeInvis .     - Unarmed
rCold   . . .      Faith    .   (no shield)
rNeg    . . .      Spirit   .   (armour unavailable)
rPois   .          Reflect  .   (helmet restricted)
rElec   .          Harm     .   (no cloak)
rCorr   .          Rampage  .   (no gloves)
Will    .....                   (no boots)
Stlth   +.........              (no amulet)
HPRegen 0.07/turn               (no ring)
MPRegen 0.09/turn               (no ring)

@: no status effects
A: AC +4, unfitting armour, cold-blooded
a: no special abilities


You were on level 1 of the Dungeon.
You visited 1 branch of the dungeon, and saw 1 of its levels.

You collected 16 gold pieces.

You aren't carrying anything.


   Skills:
 - Level 1.2 Fighting
 - Level 1.8 Dodging
 - Level 3.0 Unarmed Combat
 - Level 2.0 Spellcasting
 + Level 2.5 Transmutations


You had 4 spell levels left.
You knew the following spells:

 Your Spells              Type           Power      Damage    Failure   Level
a - Beastly Appendage     Tmut           14%        N/A       9%          1

Your spell library contained the following spells:

 Spells                   Type           Power      Damage    Failure   Level
 Wereblood                Tmut           7%         N/A       14%         2
 Spider Form              Tmut/Pois      4%         N/A       41%         3
 Ice Form                 Ice/Tmut       4%         N/A       83%         4


Dungeon Overview and Level Annotations

Branches:
Dungeon (1/15)

Altars:


Innate Abilities, Weirdness & Mutations

Your plain brown scales are hard. (AC +4)
You cannot fit into any form of body armour.
You are cold-blooded and may be slowed by cold attacks.


Message History

You miss the bat.
The bat is heavily wounded.
The bat hits you but does no damage.
A bat is nearby!
The bat barely misses you.
A bat is nearby!
The bat misses you.
A bat is nearby!
The bat barely misses you. The bat hits you but does no damage.
You see here 4 gold pieces.
A bat is nearby!
The bat barely misses you. The bat hits you but does no damage.
You hit the bat.
You kill the bat!
You have reached level 2!
You now have 16 gold pieces (gained 4).
Found a ring mail.
No target in view!
Found a stone staircase leading down.
No target in view!
A gnoll comes into view. It is wielding a +0 flail.
A gnoll is nearby!
The gnoll shouts!
The gnoll hits you with a +0 flail!
You closely miss the gnoll. The gnoll hits you with a +0 flail.
Really walk into that dispersal trap?
You enter a dispersal trap!
The gnoll blinks! x3; You blink.
The gnoll barely misses you.
Really walk into that dispersal trap?
You enter a dispersal trap!
The gnoll blinks! x2; You blink.
The gnoll closely misses you. The gnoll hits you with a +0 flail!
* * * LOW HITPOINT WARNING * * *
Really walk into that dispersal trap?
You enter a dispersal trap!
The gnoll blinks! x2; You blink.
Really walk into that dispersal trap?
You enter a dispersal trap!
The gnoll blinks! x2; You blink.
The gnoll barely misses you. The gnoll hits you with a +0 flail!
You die...

########## ..# #.
#........# #.#. #.
#..^.....#
...##.#####...>....#
#..................#
. #...#####........#
...##...####........#
#..........@g......#
######..####........#
.........############
................# ..
.........#####.## ...
........# ###..#
............# #....#
.. ..#.##..####.####
..##....##.###..#####


You could see a gnoll.

Vanquished Creatures
  3 ball pythons (D:1)
  An endoplasm (D:1)
  2 bats (D:1)
  A kobold (D:1)
  2 rats (D:1)
9 creatures vanquished.

Notes
Turn   | Place    | Note
-------+----------+-------------------------------------------
     0 | D:1      | MisterFreud the Draconian Transmuter began the quest for
                  | the Orb.
     0 | D:1      | Reached XP level 1. HP: 16/16 MP: 3/3
   267 | D:1      | Reached XP level 2. HP: 20/23 MP: 5/5
   353 | D:1      | Slain by a gnoll

Illustrated notes

Levels and vault maps discovered:
D:1:      matt_arrival_refuge, layout_rooms

Action                   || total
-------------------------++-------
Melee: Unarmed           ||    34
       Kick              ||     3
       Tailslap          ||     1
       Punch             ||     1
 Cast: Beastly Appendage ||     1
Armor: Skin              ||    29
Dodge: Dodged            ||    52
